 Dungeon Crawl Stone Soup version 0.23-a0-151-gf6d1ed2717 (webtiles) character file.

17 ximxim the Caller (level 2, 0/19 HPs)
             Began as a Merfolk Summoner on Sept 8, 2018.
             Slain by a bat (1 damage)
             ... on level 1 of the Dungeon.
             The game lasted 00:02:41 (871 turns).

ximxim the Caller (Merfolk Summoner)                 Turns: 871, Time: 00:02:41

Health: 0/19       AC:  2    Str:  8    XL:     2   Next: 62%
Magic:  0/5        EV: 13    Int: 14    God:
Gold:   40         SH:  0    Dex: 14    Spells: 2/5 levels left

rFire    . . .     SeeInvis .   f - +0 club
rCold    . . .     Gourm    .   (no shield)
rNeg     . . .     Faith    .   a - +0 robe
rPois    .         Spirit   .   (no helmet)
rElec    .         Reflect  .   (no cloak)
rCorr    .         Harm     .   (no gloves)
MR       .....                  (no boots)
Stlth    ++........             (no amulet)
HPRegen  0.06/turn              (no ring)
MPRegen  0.09/turn              (no ring)

@: very slightly contaminated
A: change form in water, swift swim, stealthy swim
a: no special abilities


You were on level 1 of the Dungeon.
You were not hungry.

You visited 1 branch of the dungeon, and saw 2 of its levels.

You collected 40 gold pieces.

Inventory:

Hand Weapons
 f - a +0 club (weapon)
 i - a +0 dagger
Missiles
 g - 39 sling bullets
Armour
 a - a +0 robe (worn)
Scrolls
 b - 3 scrolls of remove curse
 d - a scroll of blinking {unknown}
 e - a scroll of identify
 h - a scroll of magic mapping {unknown}
 j - a scroll of teleportation
Potions
 k - a potion of agility {unknown}
Comestibles
 c - a ration


   Skills:
 - Level 2.6 Dodging
 - Level 2.1 Stealth
 - Level 2.0 Spellcasting
 + Level 4.7 Summonings


You had 2 spell levels left.
You knew the following spells:

 Your Spells              Type           Power        Failure   Level  Hunger
a - Summon Small Mammal   Summ           ##..         3%          1    ##.....
b - Call Imp              Summ           ##......     5%          2    ###....

Your spell library contained the following spells:

 Spells                   Type           Power        Failure   Level  Hunger
 Call Canine Familiar     Summ           ##......     11%         3    ####...
 Summon Guardian Golem    Hex/Summ       #.......     26%         3    ####...
 Summon Ice Beast         Ice/Summ       #.......     65%         4    #####..
 Summon Lightning Spire   Summ/Air       #.......     65%         4    #####..


Dungeon Overview and Level Annotations

Branches:
Dungeon (2/15)

Altars:

Annotations:
D:2 Robin


Message History

The bat barely misses you. The bat hits you.
* * * LOW HITPOINT WARNING * * *
The dart slug launches a dart at you. The slug dart misses you.
The bat hits you.
* * * LOW HITPOINT WARNING * * *
Your crimson imp closely misses the bat.
Casting: Call Imp (safe; 5% risk of failure)
Confirm with . or Enter, or press ? or * to list all spells.
A beastly little devil appears in a puff of frigid air.
Your white imp says, "You called?"
The bat hits you.
* * * LOW HITPOINT WARNING * * *
Your crimson imp closely misses the bat.
The bat hits you.
* * * LOW HITPOINT WARNING * * *
Unknown command.
The bat hits you.
You die...

#.# #.# #.# #.# #.# #.#
#################.#
#..................
#.@.....###........
#####..b...........#...
#....5.$....###.#.##...
####......5....# # #.##...
#..............# #.##...
#.........w..).###.#.##...
#....$...†.......$.#.#####
#..............#####.# ###
############...#####'###..


You could see a dart slug, a bat, a friendly crimson imp and a friendly white
imp.

Vanquished Creatures
  A ball python (D:1)
  2 bats (D:1)
  2 goblins (D:1)
  2 jackals (D:1)
  A kobold (D:1)
  2 rats (D:1)
10 creatures vanquished.

Vanquished Creatures (collateral kills)
  A dart slug (D:1)
  A goblin (D:1)
  A hobgoblin (D:1)
  3 jackals (D:1)
  A frilled lizard (D:1)
7 creatures vanquished.

Grand Total: 17 creatures vanquished

Notes
Turn   | Place    | Note
-------+----------+-------------------------------------------
     0 | D:1      | ximxim the Merfolk Summoner began the quest for the Orb.
     0 | D:1      | Reached XP level 1. HP: 13/13 MP: 3/3
   475 | D:1      | Reached XP level 2. HP: 15/19 MP: 1/5
   516 | D:1      | Learned a level 2 spell: Call Imp
   831 | D:1      | You fall through a shaft!
   831 | D:2      | Noticed Robin
   871 | D:1      | Slain by a bat

Vault maps used:
D:1:      minmay_arrival_loop, grunt_decor_arrowhead
D:2:      first_ration, uniq_robin

Action                   || total
-------------------------++-------
Melee: Club              ||    58
       Unarmed           ||     7
 Cast: Summon Small Mamm ||    14
       Call Imp          ||     2
  Use: Potion            ||     1
       Scroll            ||     2
 Stab: Distracted        ||     1
       Sleeping          ||     1
Armor: Robe              ||    25
Dodge: Dodged            ||   101

Table legend:
 A = Non-vault XP
 B = Vault XP
 C = Vault XP percentage of total XP
 D = Non-vault monster count
 E = Vault monster count
 F = Vault count percentage of total count
                 A         B        C        D         E       F
            +---------+---------+-------+---------+---------+-------
      Total |      25 |       0 |   0.0 |      17 |       0 |   0.0
            +---------+---------+-------+---------+---------+-------
        D:1 |      25 |       0 |   0.0 |      17 |       0 |   0.0
            +---------+---------+-------+---------+---------+-------
